 Dungeon Crawl Stone Soup version 0.29-a0-1027-gcd8c55af63 (webtiles) character file.

Game seed: 11262988077701530275

28 Locuples the Sneak (level 3, 0/27 HPs)
             Began as a Demonspawn Brigand on Aug 12, 2022.
             Slain by a kobold
             ... wielding a +0 whip of electrocution
              (1 damage)
             ... on level 1 of the Dungeon.
             The game lasted 00:02:03 (1421 turns).

Locuples the Sneak (Demonspawn Brigand)             Turns: 1421, Time: 00:02:03

Health: 0/27       AC:  5    Str: 11    XL:     3   Next: 0%
Magic:  3/3        EV: 11    Int: 12    God:
Gold:   52         SH:  0    Dex: 16    Spells: 2/2 levels left

rFire   . . .      SeeInvis .   a - +2 dagger
rCold   . . .      Faith    .   (no shield)
rNeg    . . .      Spirit   .   b - +0 robe
rPois   .          Reflect  .   (helmet restricted)
rElec   .          Harm     .   c - +0 cloak
rCorr   .          Rampage  .   (no gloves)
Will    .....                   (no boots)
Stlth   +++.......              (no amulet)
HPRegen 0.09/turn               (no ring)
MPRegen 0.08/turn               (no ring)

@: about to teleport
A: horns 1, yellow scales 1
a: no special abilities


You were on level 1 of the Dungeon.
You visited 1 branch of the dungeon, and saw 1 of its levels.

You collected 52 gold pieces.

Inventory:

Hand Weapons
 a - a +2 dagger (weapon)
Missiles
 d - 9 poisoned darts (quivered)
 e - 3 curare-tipped darts
Armour
 b - a +0 robe (worn)
 c - a +0 cloak (worn)
Scrolls
 g - a scroll of torment {unknown}
 h - a scroll of identify


   Skills:
 - Level 2.0 Fighting
 + Level 1.8 Short Blades
 - Level 1.7 Throwing
 - Level 0.8 Dodging
 * Level 4.6 Stealth


You had 2 spell levels left.
You didn't know any spells.
Your spell library was empty.

Dungeon Overview and Level Annotations

Branches:
Dungeon (1/15)

Altars:


Innate Abilities, Weirdness & Mutations

You have a pair of small horns on your head.
You are partially covered in yellow scales. (AC +2)


Message History

Increase (S)trength, (I)ntelligence, or (D)exterity?
You feel agile. x2; Your demonic ancestry asserts itself...
A pair of horns grows on your head! The kobold misses you.
You see here a hobgoblin corpse.
You closely miss the kobold. Your headbutt misses the kobold.
The kobold barely misses you.
You closely miss the kobold. The kobold hits you but does no damage.
You are electrocuted!!
Ouch! That really hurt!
* * * LOW HITPOINT WARNING * * *
You barely miss the kobold.
You aren't carrying any potions.
The kobold attacks as you move away! The kobold closely misses you.
The kobold attacks as you move away! The kobold barely misses you.
You hit the kobold.
The kobold is moderately wounded.
The kobold closely misses you.
You enter the shallow water.
Moving in this stuff is going to be slow.
There is a faded altar of an unknown god here.
You hit the kobold but do no damage.
The kobold is moderately wounded.
The kobold closely misses you.
You barely miss the kobold.
The kobold is moderately wounded.
The kobold hits you with a +0 whip of electrocution.
* * * LOW HITPOINT WARNING * * *
You closely miss the kobold.
The kobold is moderately wounded.
The kobold barely misses you.
As you read the scroll labelled WIOKKA FIPREGI, it crumbles to dust.
It is a scroll of identify.
f - a scroll of teleportation The kobold hits you with a +0 whip of electrocution.
* * * LOW HITPOINT WARNING * * *
As you read the scroll of teleportation, it crumbles to dust.
You feel strangely unstable.
The kobold hits you with a +0 whip of electrocution.
You die...

######.##########......#
#~.~~...~...~.##......#
########~~...~~≈~.~..##......#
#........~~~~~≈~≈≈~..........#
#.######.~≈≈≈~~≈~≈≈..#(......#
#.# #.~≈≈~≈~≈~≈~..#.......#
#.# #.~≈≈≈..~~≈≈≈.#........
#.# #.≈≈≈≈♣K♣~≈≈~~#........
#.# #~~~≈~@.~≈≈≈~~#[###....
#.# #..≈≈~~~~≈≈≈~.#.#######
#.# #.~~≈≈≈≈≈≈≈≈~~.....|###
#.# #~.~~~≈≈≈≈~≈~.#####.##.
#.# #~...~≈~~~..~.# #.##. #.#
#~~...~~...~..# #.##. #.#
############### #.##. #.#
#)##. #.# #.##.


You could see a kobold.

Vanquished Creatures
  3 bats (D:1)
  2 endoplasms (D:1)
  A giant cockroach (D:1)
  2 goblins (D:1)
  7 hobgoblins (D:1)
  4 jackals (D:1)
  4 ball pythons (D:1)
  A rat (D:1)
24 creatures vanquished.

Notes
Turn   | Place    | Note
-------+----------+-------------------------------------------
     0 | D:1      | Locuples the Demonspawn Brigand began the quest for the
                  | Orb.
     0 | D:1      | Reached XP level 1. HP: 16/16 MP: 1/1
   316 | D:1      | Reached skill level 4 in Stealth
   397 | D:1      | Gained mutation: You are partially covered in yellow
                  | scales. (AC +2) [demonic ancestry]
   397 | D:1      | Reached XP level 2. HP: 22/22 MP: 2/2
   446 | D:1      | Found a faded altar of an unknown god.
  1395 | D:1      | Gained mutation: You have a pair of small horns on your
                  | head. [demonic ancestry]
  1395 | D:1      | Reached XP level 3. HP: 21/27 MP: 3/3
  1420 | D:1      | HP: 1/27 [kobold/+0 whip of electrocution (1)]
  1421 | D:1      | Slain by a kobold

Illustrated notes

Levels and vault maps discovered:
D:1:      dpeg_arrival_arbitrary_a, layout_basic,
          chequers_ecumenical_altar_island

Skill      XL: |  1 |
---------------+----+-----
Stealth        | 4 |  4.6
Fighting       | |  2.0
Short Blades   | |  1.8
Throwing       | |  1.7
Dodging        | |  0.8

Action                   || total
-------------------------++-------
Melee: Dagger            ||   108
       Punch             ||     1
  Use: Scroll            ||     2
 Stab: Sleeping          ||     5
Armor: Robe              ||    57
Dodge: Dodged            ||    95

Table legend: (Time is in decaauts)
 A = Elapsed time spent in this place.
 B = Non-inter-level travel time spent in this place.
 C = Inter-level travel time spent in this place.
 D = Time resting spent in this place.
 E = Time spent auto-exploring this place.
 F = Levels seen in this place.
 G = Mean time per level.
                   A        B        C        D        E       F      G
               +--------+--------+--------+--------+--------+-----+--------+
         Total |   1418 |   1418 |      0 |    425 |    696 |   1 | 1418.0 |
       Dungeon |   1418 |   1418 |      0 |    425 |    696 |   1 | 1418.0 |
               +--------+--------+--------+--------+--------+-----+--------+

Top non-repeatable levels by time:
     D:1: 1418 daAuts
